 Dungeon Crawl Stone Soup version 0.30-a0-335-ge5acde7520 (webtiles) character file.

Game seed: 2420357037636268250

11349 p00ps00p the Warrior (level 11, -2/117 HPs)
             Began as a Hill Orc Fighter on Oct 30, 2022.
             Was an Initiate of Gozag.
             Killed from afar by a starcursed mass (13 damage)
             ... with an accursed screaming
             ... on level 2 of the Abyss on Oct 31, 2022.
             The game lasted 00:33:42 (14369 turns).

p00ps00p the Warrior (Hill Orc Fighter)            Turns: 14369, Time: 00:33:42

Health: -2/117     AC: 10    Str: 26    XL:     11   Next: 76%
Magic:  11/11      EV: 15    Int:  8    God:    Gozag
Gold:   1503       SH:  7    Dex: 14    Spells: 10/10 levels left

rFire   . . .      SeeInvis .    a - +2 war axe (flame)
rCold   . . .      Faith    .    c - +1 buckler
rNeg    . . .      Spirit   .    x - +0 steam dragon scales
rPois   .          Reflect  .    (no helmet)
rElec   .          Harm     .    N - +2 cloak
rCorr   .          Rampage  .    (no gloves)
Will    .....                    (no boots)
Stlth   +.........               (no amulet)
HPRegen 0.39/turn                u - +4 ring of evasion
MPRegen 0.12/turn                y - +6 ring of strength

@: about to teleport
A: no striking features
a: Renounce Religion, Potion Petition, Call Merchant, Bribe Branch


You were on level 2 of the Abyss.
You worshipped Gozag.
Gozag was most pleased with you.
You visited 2 branches of the dungeon, and saw 15 of its levels.
You visited the Abyss 1 time.

You collected 1598 gold pieces.
You paid 95 gold pieces to Gozag.

Inventory:

Hand Weapons
 a - a +2 war axe of flaming (weapon)
 v - a +8 flail of electrocution
 F - the +3 whip of Ockaolis {flame, rPois Str+4 SInv}
   (You found it on level 6 of the Dungeon)

   It burns those it strikes, dealing additional fire damage.
   Str:       It affects your strength (+4).
   rPois:     It protects you from poison.
   SInv:      It lets you see invisible.
Missiles
 l - 55 poisoned darts (quivered)
 A - 3 atropa-tipped darts
Armour
 c - a +1 buckler (worn)
 w - a +0 kite shield
 x - +0 steam dragon scales (worn)
 N - a +2 cloak (worn)
Jewellery
 h - a ring of see invisible
 u - a +4 ring of evasion (left hand)
 y - a +6 ring of strength (right hand)
Wands
 g - a wand of flame (16)
 q - a wand of mindburst (17)
 C - a wand of charming (17)
 G - a wand of iceblast (22)
 M - a wand of quicksilver (1)
Scrolls
 r - 2 scrolls of butterflies
 H - a scroll of blinking
 J - 4 scrolls of identify
 L - a scroll of poison
 P - 3 scrolls of fear
Potions
 b - a potion of invisibility
 d - 2 potions of might
 e - 3 potions of brilliance
 f - a potion of curing
 k - 3 potions of cancellation
 m - 2 potions of lignification
 o - 4 potions of flight
 p - 2 potions of ambrosia
 s - 2 potions of attraction
 z - a potion of resistance
 B - 2 potions of haste
 E - a potion of berserk rage


   Skills:
 - Level 17.4 Fighting
 * Level 5.0 Axes
 + Level 8.9 Armour
 + Level 8.9 Shields


You had 10 spell levels left.
You didn't know any spells.
Your spell library contained the following spells:

 Spells                   Type           Power      Damage    Failure   Level
 Summon Small Mammal      Summ           0%         N/A       47%         1
 Cigotuvi's Dreadful Rot  Necr/Pois/Air  0%         N/A       63%         2
 Call Canine Familiar     Summ           0%         N/A       85%         3
 Hailstorm                Conj/Ice       0%         3d3       85%         3
 Portal Projectile        Hex/Tloc       0%         N/A       85%         3
 Summon Guardian Golem    Hex/Summ       0%         N/A       85%         3
 Tukima's Dance           Hex            0%         N/A       85%         3
 Dispel Undead            Necr           0%         3d6       99%         4
 Ice Form                 Ice/Tmut       0%         N/A       99%         4
 Blade Hands              Tmut           0%         N/A       100%        5
 Death Channel            Necr           0%         N/A       100%        6
 Simulacrum               Ice/Necr       Unusable   N/A       N/A         6

Dungeon Overview and Level Annotations

Branches:
Dungeon (14/15)            Temple (1/1) D:6            Lair (0/5) D:10
    Orc: D:9-12      Vaults: D:13-14

Altars:
Ashenzari
Cheibriados
Dithmenos
Elyvilon
Fedhas
Gozag
Hepliaklqana
Kikubaaqudgha
Makhleb
Nemelex Xobeh
Okawaru
Qazlal
Ru
Sif Muna
Trog
Uskayaw
Vehumet
Wu Jian
Xom
Yredelemnul
Zin
The Shining One


Message History

You feel strangely unstable.
You feel the power of the Abyss delaying your translocation!
The starcursed mass barely misses you. You block the chaos spawn's attack.
The starcursed mass touches you.
* * * LOW HITPOINT WARNING * * *
You feel much better.
A starcursed mass splits.
The chaos spawn completely misses you.
A starcursed mass splits.
The chaos spawn attacks as you move away!
The chaos spawn hits you!
You are poisoned.
The chaos spawn poisons you!
You feel very sick.
A starcursed mass splits.
A chorus of shrieks assaults your mind.
* * * LOW HITPOINT WARNING * * *
The starcursed mass attacks as you move away!
You block the starcursed mass's attack.
You feel very sick.
A starcursed mass splits.
The starcursed mass attacks as you move away!
The starcursed mass touches you.
* * * LOW HITPOINT WARNING * * *
You feel sick.
A blink frog comes into view.
A deafening chorus of shrieks assaults your mind!
* * * LOW HITPOINT WARNING * * *
A starcursed mass splits.
You feel better.
The blink frog croaks.
You hear a loud, deep croak!
The chaos spawn ululates chillingly with its many mouths.
The starcursed mass misses you.
A starcursed mass splits.
A starcursed mass splits.
A starcursed mass splits.
A deafening chorus of shrieks assaults your mind!
* * * LOW HITPOINT WARNING * * *
You suddenly lose the ability to move!
You can move again.
A deafening chorus of shrieks assaults your mind!
You die...
Your body crumbles into a pile of gold.

. . # .# #. .#....
#. . # . .
#..#..#.#.. .
..#..#... . # .
#.##.... . ## ..
#.##..## #.# ..# ##
. ##@.#.4.# ..#.§ .
. ..#
#.XX#.####..## ..
.. #..#XXXX....## .
..##..#.##.#X.#..##
. . ....#..#.#..##.
.. . .....##### ###
## . ♣ . . ..#..
...#.... #♣ # ...
#. . ##.. ##.. # .
... .#.# .##.#.#


You could see 6 starcursed masses.

Vanquished Creatures
  A two-headed ogre (D:8)
  A wizard (D:12)
  Joseph (D:7)
  An elephant (D:10)
  Maurice (D:9)
  Maggie (D:7)
  A gargoyle (D:13)
  A komodo dragon (D:12)
  3 kobold demonologists
  A troll (D:10)
  A hornet (D:9)
  A shadow (D:5)
  A wraith (D:12)
  Eustachio (D:5)
  Grum (D:8)
  7 yaks
  3 steam dragons
  2 basilisks (D:10)
  3 vampire mosquitoes (D:13)
  An acid dragon (D:11)
  Duvessa (D:7)
  2 orc warriors
  4 ogres
  3 wolves (D:8)
  4 centaurs
  2 phantoms (D:6)
  6 kobold brigands
  8 bullfrogs
  3 necrophages
  2 gnoll sergeants
  4 scorpions
  5 wights (D:8)
  Dowan (D:7)
  6 killer bees (D:11)
  3 howler monkeys (D:9)
  8 orc priests
  3 hounds (D:4)
  Ijyb (D:4)
  7 iguanas
  Natasha (twice) (D:3)
  5 orc wizards
  A hound skeleton (D:5)
  16 gnolls
  7 adders
  3 shadow imps
  2 white imps (D:4)
  3 worms
  22 orcs
  10 ball pythons
  5 bats
  13 endoplasms
  2 giant cockroaches
  8 goblins
  7 hobgoblins
  4 jackals (D:1)
  5 quokkas
  2 frilled lizards
  18 kobolds
  12 rats
253 creatures vanquished.

Vanquished Creatures (others)
  An electric eel (D:12)
  A fungus (D:10)
  28 plants
30 creatures vanquished.

Grand Total: 283 creatures vanquished

Notes
Turn   | Place    | Note
-------+----------+-------------------------------------------
     0 | D:1      | p00ps00p the Hill Orc Fighter began the quest for the Orb.
     0 | D:1      | Reached XP level 1. HP: 19/19 MP: 1/1
   122 | D:1      | Reached skill level 4 in Fighting
   144 | D:1      | Reached XP level 2. HP: 27/27 MP: 2/2
   551 | D:1      | Reached skill level 5 in Fighting
   551 | D:1      | Reached XP level 3. HP: 33/36 MP: 3/3
   593 | D:1      | Found a faded altar of an unknown god.
  1210 | D:2      | Reached XP level 4. HP: 44/44 MP: 4/4
  1274 | D:2      | Reached skill level 6 in Fighting
  1560 | D:3      | Noticed Natasha
  1569 | D:3      | Killed Natasha
  1570 | D:3      | Reached XP level 5. HP: 35/51 MP: 5/5
  1663 | D:3      | Found a radiant altar of Vehumet.
  1841 | D:3      | Found a hide-covered altar of Uskayaw.
  2292 | D:3      | Reached skill level 7 in Fighting
  2596 | D:3      | Noticed Natasha
  2605 | D:3      | Killed Natasha
  2813 | D:4      | Reached XP level 6. HP: 50/61 MP: 6/6
  2978 | D:4      | Noticed Ijyb
  2983 | D:4      | Reached skill level 8 in Fighting
  2991 | D:4      | Killed Ijyb
  3175 | D:4      | Reached skill level 9 in Fighting
  3254 | D:4      | Reached XP level 7. HP: 34/70 MP: 7/7
  4100 | D:4      | Reached skill level 10 in Fighting
  4231 | D:4      | Found a stormy altar of Qazlal.
  4291 | D:4      | Found a hazy altar of Hepliaklqana.
  4446 | D:4      | Found a faded altar of an unknown god.
  4576 | D:5      | Entered Level 5 of the Dungeon
  4677 | D:5      | Noticed a shadow
  4684 | D:5      | Killed a shadow
  4685 | D:5      | Reached skill level 11 in Fighting
  4685 | D:5      | Reached XP level 8. HP: 63/82 MP: 8/8
  4869 | D:5      | Found a burning altar of Makhleb.
  4878 | D:5      | Reached skill level 12 in Fighting
  5200 | D:5      | Noticed Eustachio
  5214 | D:5      | Killed Eustachio
  5513 | D:6      | Reached skill level 13 in Fighting
  5592 | D:6      | Found a staircase to the Ecumenical Temple.
  5602 | Temple   | Entered the Ecumenical Temple
  5763 | Temple   | Became a worshipper of Gozag Ym Sagoz the Greedy
  5964 | D:6      | Reached XP level 9. HP: 87/93 MP: 9/9
  6291 | D:6      | Reached skill level 14 in Fighting
  6579 | D:6      | Identified the +3 whip of Ockaolis {flame, rPois Str+4
                  | SInv}
  7036 | D:7      | Noticed Maggie
  7051 | D:7      | Killed Maggie
  7052 | D:7      | Reached skill level 15 in Fighting
  7421 | D:7      | Noticed Dowan
  7421 | D:7      | Noticed Duvessa
  7520 | D:7      | Killed Duvessa
  7523 | D:7      | Killed Dowan
  8108 | D:7      | Reached skill level 16 in Fighting
  8385 | D:7      | Found an ornate altar of the Wu Jian Council.
  8386 | D:7      | Noticed Joseph
  8400 | D:7      | Killed Joseph
  8401 | D:7      | Reached XP level 10. HP: 75/108 MP: 10/10
  8851 | D:8      | Noticed a two-headed ogre
  8872 | D:8      | Killed a two-headed ogre
  8873 | D:8      | Reached skill level 17 in Fighting
  9538 | D:8      | Noticed Grum
  9548 | D:8      | Killed Grum
 10307 | D:9      | Paralysed by a hornet for 1 turns
 10313 | D:9      | Reached skill level 5 in Armour
 10313 | D:9      | Reached skill level 5 in Shields
 10507 | D:9      | Noticed Maurice
 10513 | D:9      | Killed Maurice
 10642 | D:9      | Found a snail-covered altar of Cheibriados.
 10708 | D:9      | Noticed a kobold demonologist
 10720 | D:9      | Found a large runed translucent door.
 10812 | D:9      | Found a large runed translucent door.
 10833 | D:9      | Killed a kobold demonologist
 10993 | D:9      | Found a glowing silver altar of Zin.
 11188 | D:9      | Found a blossoming altar of Fedhas.
 11205 | D:9      | Found a sparkling altar of Nemelex Xobeh.
 11250 | D:10     | Entered Level 10 of the Dungeon
 11288 | D:10     | Found a sacrificial altar of Ru.
 11301 | D:10     | Reached XP level 11. HP: 116/117 MP: 11/11
 11330 | D:10     | Found a staircase to the Lair.
 11872 | D:10     | Found a broken altar of Ashenzari.
 12324 | D:10     | Noticed a moth of wrath
 12328 | D:10     | Found a bloodstained altar of Trog.
 13828 | D:11     | Noticed a sixfirhy
 14031 | D:11     | You fall into a shaft and drop 3 floors!
 14267 | D:12     | Noticed a wizard
 14269 | D:12     | Noticed a wizard
 14279 | D:12     | Killed a wizard
 14280 | D:12     | Reached skill level 5 in Axes
 14284 | Abyss:2  | Cast into level 2 of the Abyss (a wizard)
 14340 | Abyss:2  | Noticed a starcursed mass
 14368 | Abyss:2  | Paralysed by accursed screaming for 1 turns
 14369 | Abyss:2  | Killed from afar by a starcursed mass

Illustrated notes

Levels and vault maps discovered:
D:1:      dpeg_arrival_shrine, layout_basic, dilly_ecumenical_altar_fadedgnrine
D:2:      layout_rooms, minmay_tromino_v4_a
D:3:      layout_basic, mainiacjoe_overflow_small_starburst,
          nicolae_vehumet_altar_sigil, kennysheep_generic_room_9, uniq_natasha
D:4:      layout_loops_ring, nicolae_qazlal_eye_of_the_storm,
          beargit_hepliaklqana_dungeon_heroes, uniq_ijyb
D:5:      layout_loops_ring, makhleb_blood_cavern_becter, minivault_5,
          uniq_eustachio
D:6:      layout_basic, minmay_temple_entry_gardened_gates,
          kennysheep_pointless_box
D:7:      layout_cave_pods, mainiacjoe_overflow_24_doors, uniq_joseph,
          uniq_duvessa, uniq_maggie
D:8:      layout_loops_cross, uniq_grum
D:9:      layout_roguey, kennysheep_little_box, mainiacjoe_overflow_alcove_1,
          jmf_multi_god_temple2, uniq_maurice
D:10:     layout_loops_corners, mainiacjoe_overflow_boulevard, tgw_trog,
          nicolae_ashenzari_skybound, david_lair_generic
D:11:     layout_gridville
D:12:     layout_basic, zombieorc1_lemuel, serial_bayou, serial_bayou_lake_a,
          serial_bayou_lagoon_a, serial_bayou_crossing, serial_bayou_pond_c,
          bh_hangedman_babel_library, uniq_gastronok
D:13:     layout_roguey, grunt_vaults_entry_fortified
D:14:     layout_loops_ring, lemuel_flame_loot_1
Temple:   hellmonk_temple_forest_ring
Abyss:2:  base:
Temple

Skill      XL: |  1  2  3  4  5  6  7  8  9 10 11 |
---------------+----------------------------------+-----
Fighting       | 4 5 6 7 9 11 13 16 17 | 17.4
Armour         | 6 8 |  8.9
Shields        | 6 8 |  8.9
Axes           | 5 |  5.0

Action                   |  1- 3 |  4- 6 |  7- 9 | 10-12 || total
-------------------------+-------+-------+-------+-------++-------
Melee: War axe           |   108 |   119 |   247 |   334 ||   808
Throw: Dart              |       |       |       |     4 ||     4
Evoke: Wand              |       |       |     1 |    21 ||    22
  Use: Scroll            |     6 |     8 |     8 |     9 ||    31
       Potion            |       |       |     4 |     5 ||     9
 Stab: Distracted        |       |       |       |     1 ||     1
Armor: Scale mail        |    63 |    39 |    50 |       ||   152
       Steam dragon scal |       |       |    11 |   151 ||   162
Dodge: Dodged            |    56 |    38 |   132 |   439 ||   665
Block: Buckler           |    33 |    27 |    77 |   188 ||   325

Table legend: (Time is in decaauts)
 A = Elapsed time spent in this place.
 B = Non-inter-level travel time spent in this place.
 C = Inter-level travel time spent in this place.
 D = Time resting spent in this place.
 E = Time spent auto-exploring this place.
 F = Levels seen in this place.
 G = Mean time per level.
                   A        B        C        D        E       F      G
               +--------+--------+--------+--------+--------+-----+--------+
         Total |  14716 |  14449 |    267 |   3155 |   8178 |  16 |  919.8 |
       Dungeon |  14458 |  14219 |    239 |   3155 |   8002 |  14 | 1032.7 |
        Temple |    169 |    141 |     28 |      0 |    132 |   1 |  169.0 |
         Abyss |     89 |     89 |      0 |      0 |     44 |   1 |   89.0 |
               +--------+--------+--------+--------+--------+-----+--------+

Top non-repeatable levels by time:
     D:7: 2119 daAuts
     D:4: 1904 daAuts
     D:8: 1548 daAuts
    D:10: 1459 daAuts
    D:11: 1353 daAuts
     D:3: 1167 daAuts
     D:9: 1079 daAuts
     D:1: 1010 daAuts
     D:6: 1008 daAuts
     D:5: 929 daAuts
     D:2: 603 daAuts
  Temple: 169 daAuts
    D:12: 141 daAuts
    D:13: 105 daAuts
 Abyss:2: 89 daAuts
